 Dungeon Crawl Stone Soup version 0.27-a0-385-g3208abaabc (webtiles) character file.

Game seed: 3957054633404852449

12260 EldarEldrad the Cleaver (level 11, -5/148 HPs)
             Began as a Minotaur Berserker on Feb 18, 2021.
             Was a High Priest of Trog.
             Slain by a skeletal warrior
             ... wielding a +0 scimitar
             ... led by a skeletal warrior
              (8 damage)
             ... on level 10 of the Dungeon.
             The game lasted 00:31:54 (10234 turns).

EldarEldrad the Cleaver (Minotaur Berserker)       Turns: 10234, Time: 00:31:55

Health: -5/148     AC: 12    Str: 23    XL:     11   Next: 60%
Magic:  10/10      EV: 17    Int:  4    God:    Trog [*****.]
Gold:   213        SH:  0    Dex: 12    Spells: 10/10 levels left

rFire    . . .     SeeInvis .   a - +2 hand axe (elec)
rCold    + . .     Faith    .   (no shield)
rNeg     + . .     Spirit   .   A - +1 ring mail {rN+}
rPois    .         Reflect  .   D - +2 hat
rElec    .         Harm     .   f - +0 cloak
rCorr    .         Rampage  .   (no gloves)
Will     ++...                  (no boots)
Stlth    ..........             (no amulet)
HPRegen  1.34/turn              q - +4 ring of evasion
MPRegen  0.12/turn              B - ring of protection from cold

@: berserking, regenerating, very quick
A: retaliatory headbutt, horns 2
a: Renounce Religion, Berserk, Trog's Hand, Brothers in Arms


You were on level 10 of the Dungeon.
You worshipped Trog.
Trog was extremely pleased with you.
You visited 2 branches of the dungeon, and saw 11 of its levels.
You also visited: Ossuary.

You collected 693 gold pieces.
You spent 480 gold pieces at shops.

Inventory:

Hand Weapons
 a - a +2 hand axe of electrocution (weapon)
 b - the +3 mace "Demonbane" {drain, Int+3 Dex+4}
   (You found it on level 5 of the Dungeon)

   A truly terrible weapon, it drains the life of those it strikes.
   It affects your intelligence (+3).
   It affects your dexterity (+4).
Missiles
 K - 56 poisoned darts (quivered)
Armour
 f - a +0 cloak (worn)
 p - a +0 plate armour
 A - a +1 ring mail of positive energy (worn)
 D - a +2 hat (worn)
Jewellery
 q - a +4 ring of evasion (left hand)
 B - a ring of protection from cold (right hand)
 M - a ring of see invisible
Wands
 k - a wand of paralysis (12)
 L - a wand of acid (7)
Scrolls
 c - 7 scrolls of teleportation
 i - 2 scrolls of fog {unknown}
 j - 3 scrolls of noise {unknown}
 l - 3 scrolls of blinking {unknown}
 n - 2 scrolls of brand weapon {unknown}
 u - 3 scrolls of fear {unknown}
 v - 2 scrolls of enchant weapon {unknown}
 w - 5 scrolls of enchant armour {unknown}
 x - a scroll of immolation {unknown}
 y - 3 scrolls of amnesia {unknown}
 z - 2 scrolls of vulnerability {unknown}
 C - 5 scrolls of magic mapping {unknown}
 E - a scroll of holy word {unknown}
 J - a scroll of torment {unknown}
Potions
 d - 3 potions of resistance
 e - 2 potions of magic
 g - 5 potions of flight
 h - 7 potions of heal wounds
 m - 4 potions of lignification
 o - 3 potions of might
 r - 3 potions of curing
 s - 5 potions of mutation
 t - 2 potions of attraction
 F - a potion of ambrosia
 G - a potion of haste
 H - a potion of invisibility
 I - a potion of cancellation


   Skills:
 - Level 10.0 Fighting
 + Level 14.1 Axes
 - Level 12.0 Armour
 * Level 4.8 Dodging
 - Level 5.0 Evocations


You had 10 spell levels left.
You didn't know any spells.
Your spell library was empty.

Dungeon Overview and Level Annotations

Branches:
Dungeon (10/15)            Temple (1/1) D:5         Ossuary (visited)
   Lair: D:8-11         Orc: D:9-12

Altars:
Ashenzari
Cheibriados
Dithmenos
Elyvilon
Fedhas
Gozag
Hepliaklqana
Kikubaaqudgha
Makhleb
Nemelex Xobeh
Okawaru
Qazlal
Ru
Sif Muna
Trog
Uskayaw
Vehumet
Wu Jian
Xom
Yredelemnul
Zin
The Shining One
Jiyva

Shops:
D:4 :   D:7 !


Innate Abilities, Weirdness & Mutations

You reflexively headbutt those who attack you in melee.
You have a pair of horns on your head.


Message History

The skeletal warrior hits you from afar with a +0 trident.
The skeletal warrior closely misses you.
You slash the skeletal warrior!
The skeletal warrior is heavily damaged.
You barely miss the skeletal warrior.
The skeletal warrior hits you with a +0 scimitar!
You barely miss the skeletal warrior. You headbutt the skeletal warrior.
The skeletal warrior is severely damaged.
You hit the skeletal warrior but do no damage.
The skeletal warrior hits you from afar with a +0 trident!
The skeletal warrior barely misses you.
Your skin crawls.
You feel strong-willed.
The skeletal warrior hits you with a +0 scimitar!!
The skeletal warrior hits you from afar with a +0 trident!
* * * LOW HITPOINT WARNING * * *
A red film seems to cover your vision as you go berserk!
You feel yourself moving faster!
You feel mighty!
The skeletal warrior hits you with a +0 broad axe.
* * * LOW HITPOINT WARNING * * *
The skeletal warrior hits you with a +0 scimitar!
* * * LOW HITPOINT WARNING * * *
The skeletal warrior barely misses you.
You closely miss the skeletal warrior.
You headbutt the skeletal warrior, but do no damage.
The skeletal warrior is heavily damaged.
You hit the skeletal warrior. You hit the skeletal warrior.
Lightning courses through the skeletal warrior!!
Your headbutt misses the skeletal warrior.
The skeletal warrior is almost destroyed.
You hit the skeletal warrior but do no damage.
The skeletal warrior hits you with a +0 broad axe!
* * * LOW HITPOINT WARNING * * *
You barely miss the skeletal warrior. You headbutt the skeletal warrior.
You destroy the skeletal warrior!
Trog accepts your kill.
You barely miss the skeletal warrior.
The skeletal warrior hits you with a +0 scimitar!
You die...

###.##.#####.#.# #.#
#))#)<.......... #.#
## #)#†####.###.#.#
#.# ....
#[..)......#.# #.#
...#.###[#..........
#.#
.......#.######.#.#
#.....#####....###
#...........#....#..
#......####.@)z.....
...##.#..#
#..z#...#.# ...
...#.># #.##....#
..........# #.
...... .....).....
.. .......
.......#.#...
...#..#
......##.#.#. ##.. .
#. #.#


You could see 2 skeletal warriors.

Vanquished Creatures
  Harold (D:7)
  Erica (D:10)
  3 two-headed ogres (D:9)
  A skeletal warrior (D:10)
  Pikel (D:6)
  The ghost of supsnack the Firebug, a novice DsFE of Vehumet (D:8)
  2 trolls (D:9)
  A merfolk (D:9)
  A vampire (D:9)
  A wraith (Ossuary)
  16 yaks
  A wyvern (D:9)
  Duvessa (D:4)
  5 orc warriors
  An ice beast (D:6)
  2 sky beasts
  2 black bears (D:9)
  3 ogres
  3 centaurs
  4 phantoms
  2 kobold brigands (D:9)
  3 bullfrogs
  Dowan (D:4)
  5 scorpions
  5 killer bees (D:9)
  3 howler monkeys
  2 bullfrog zombies
  2 quasits
  3 hounds
  5 jellies
  A centaur skeleton (D:6)
  9 orc priests
  3 iguanas
  Terence (D:3)
  16 orc wizards
  3 worker ants
  A hound zombie (D:6)
  A hound skeleton (D:7)
  A mummy (Ossuary)
  A howler monkey zombie (D:9)
  A worker ant zombie (D:5)
  Robin (D:2)
  A howler monkey skeleton (D:5)
  9 adders
  3 gnolls (D:9)
  4 shadow imps
  5 white imps
  2 ufetubi (D:7)
  An ooze (D:1)
  5 worms (D:3)
  A dart slug (D:1)
  5 leopard geckos
  53 orcs
  5 giant cockroaches
  21 goblins
  11 hobgoblins
  16 jackals
  3 quokkas
  A ball python (D:3)
  11 bats
  3 frilled lizards
  8 gnoll skeletons (Ossuary)
  2 goblin skeletons (D:9)
  A goblin zombie (D:9)
  A hobgoblin zombie (D:9)
  A jackal skeleton (D:4)
  16 kobolds
  4 kobold skeletons (Ossuary)
  A leopard gecko skeleton (D:4)
  13 orc skeletons (Ossuary)
  An orc zombie (D:9)
  12 rats
341 creatures vanquished.

Vanquished Creatures (collateral kills)
  2 slime creatures (D:8)
  A jelly (D:8)
3 creatures vanquished.

Grand Total: 344 creatures vanquished

Notes
Turn   | Place    | Note
-------+----------+-------------------------------------------
     0 | D:1      | EldarEldrad the Minotaur Berserker began the quest for the
                  | Orb.
     0 | D:1      | Reached XP level 1. HP: 19/19 MP: 0/0
     0 | D:1      | Noticed a minotaur skeleton
    56 | D:1      | Noticed a minotaur skeleton
    62 | D:1      | Noticed a minotaur skeleton
   101 | D:1      | Reached skill level 4 in Axes
   227 | D:1      | Reached XP level 2. HP: 26/26 MP: 1/1
   570 | D:1      | Reached skill level 5 in Axes
   672 | D:1      | Reached XP level 3. HP: 31/31 MP: 2/2
   679 | D:1      | Reached ** piety under Trog
   957 | D:2      | Noticed Robin
   968 | D:2      | Reached XP level 4. HP: 39/39 MP: 3/3
   969 | D:2      | Killed Robin
   970 | D:2      | Reached skill level 6 in Axes
  1062 | D:2      | Found a faded altar of an unknown god.
  1380 | D:3      | Reached XP level 5. HP: 45/45 MP: 4/4
  1382 | D:3      | Reached skill level 7 in Axes
  1390 | D:3      | Reached *** piety under Trog
  1414 | D:3      | Found a radiant altar of Vehumet.
  1672 | D:3      | Noticed Terence
  1680 | D:3      | Killed Terence
  1681 | D:3      | Reached skill level 8 in Axes
  1816 | D:3      | Reached XP level 6. HP: 51/51 MP: 5/5
  2041 | D:3      | Noticed a moth of wrath
  2044 | D:3      | Found a bloodstained altar of Trog.
  2241 | D:3      | Found a shimmering altar of Xom.
  2386 | D:4      | Reached **** piety under Trog
  2387 | D:4      | Reached skill level 9 in Axes
  2451 | D:4      | Noticed Duvessa
  2451 | D:4      | Noticed Dowan
  2464 | D:4      | Killed Dowan
  2471 | D:4      | Killed Duvessa
  2472 | D:4      | Reached XP level 7. HP: 46/57 MP: 6/6
  2480 | D:4      | Reached skill level 10 in Axes
  2992 | D:4      | Found Teluteaff's Book Shop.
  3081 | D:5      | Entered Level 5 of the Dungeon
  3172 | D:5      | Reached skill level 11 in Axes
  3341 | D:5      | Got an ichor-stained mace
  3342 | D:5      | Identified the +3 mace "Demonbane" {drain, Int+3 Dex+4}
                  | (You found it on level 5 of the Dungeon)
  3526 | D:5      | Reached XP level 8. HP: 30/64 MP: 7/7
  3712 | D:5      | Found a staircase to the Ecumenical Temple.
  3724 | Temple   | Entered the Ecumenical Temple
  4655 | D:6      | Reached skill level 12 in Axes
  5064 | D:6      | Noticed Pikel
  5067 | D:6      | Reached skill level 5 in Fighting
  5089 | D:6      | Killed Pikel
  5090 | D:6      | Reached skill level 13 in Axes
  5090 | D:6      | Reached XP level 9. HP: 55/74 MP: 8/8
  5119 | D:6      | Found a sparkling altar of Nemelex Xobeh.
  5221 | D:6      | Reached skill level 14 in Axes
  5384 | D:6      | Found a broken altar of Ashenzari.
  5996 | D:7      | Found Tyajeut's Distillery.
  6021 | D:7      | Bought a potion of flight for 36 gold pieces
  6021 | D:7      | Bought a potion of brilliance for 48 gold pieces
  6021 | D:7      | Bought a potion of might for 48 gold pieces
  6021 | D:7      | Bought a potion of lignification for 36 gold pieces
  6021 | D:7      | Bought a potion of ambrosia for 96 gold pieces
  6021 | D:7      | Bought a potion of haste for 120 gold pieces
  6021 | D:7      | Bought a potion of invisibility for 96 gold pieces
  6048 | D:7      | Found a sand-covered staircase.
  6053 | Ossuary  | Entered an ossuary
  6083 | Ossuary  | Reached ***** piety under Trog
  6300 | Ossuary  | Reached skill level 5 in Armour
  6491 | D:7      | Noticed Harold
  6509 | D:7      | Killed Harold
  7787 | D:8      | Reached XP level 10. HP: 79/86 MP: 9/9
  7844 | D:8      | Received a gift from Trog
  7848 | D:8      | Found a hide-covered altar of Uskayaw.
  7919 | D:8      | Noticed a +0 hand axe
  7919 | D:8      | Noticed a +0 dagger
  8083 | D:8      | Found a runed translucent gate.
  8083 | D:8      | Found a runed translucent gate.
  8083 | D:8      | Found a runed translucent gate.
  8088 | D:8      | Found a viscous altar of Jiyva.
  8088 | D:8      | Noticed supsnack's ghost (novice DsFE)
  8203 | D:8      | Found an ancient bone altar of Kikubaaqudgha.
  8282 | D:8      | Killed supsnack's ghost
  8283 | D:8      | Reached skill level 10 in Armour
  8403 | D:9      | Found a glowing golden altar of the Shining One.
  8470 | D:9      | Reached skill level 1 in Evocations
  8687 | D:9      | Noticed a two-headed ogre
  8693 | D:9      | Killed a two-headed ogre
  8694 | D:9      | Reached XP level 11. HP: 94/94 MP: 10/10
  8779 | D:9      | Noticed a two-headed ogre
  8779 | D:9      | Noticed a two-headed ogre
  8789 | D:9      | Killed a two-headed ogre
  8793 | D:9      | Killed a two-headed ogre
  9014 | D:9      | Found a sacrificial altar of Ru.
  9678 | D:9      | Reached skill level 10 in Fighting
  9969 | D:10     | Entered Level 10 of the Dungeon
 10053 | D:10     | Received a gift from Trog
 10053 | D:10     | Noticed Erica
 10069 | D:9      | Reached skill level 5 in Evocations
 10107 | D:10     | Killed Erica
 10211 | D:10     | Noticed a skeletal warrior
 10212 | D:10     | Noticed a skeletal warrior
 10216 | D:10     | Noticed a skeletal warrior
 10233 | D:10     | HP: 2/148 [skeletal warrior/+0 broad axe (11)]
 10234 | D:10     | Killed a skeletal warrior
 10234 | D:10     | Slain by a skeletal warrior

Illustrated notes

Levels and vault maps discovered:
D:1:      shiori_arrival_whats_in_store_for_you, layout_basic,
          corexii_hall_statues_deadend
D:2:      layout_rooms, chequers_ecumenical_altar_simple, uniq_robin
D:3:      layout_basic, tgw_trog, chequers_temple_overflow_statue_of_worship,
          serial_corexii_hall, chequers_hall_statues_wall_a,
          corexii_hall_statues_i, minmay_box_of_dots, uniq_terence
D:4:      layout_cave_pools, serial_shops, nicolae_shop_window_shopping,
          uniq_duvessa
D:5:      layout_cave_pods, minmay_temple_entry_ruins
D:6:      layout_loops_ring, nemelex_xobeh_ov_fountains_minmay,
          nicolae_ashenzari_panopticon, uniq_pikel
D:7:      layout_layer_cave, serial_shops, shop_coins, enter_ossuary_5,
          uniq_harold
D:8:      layout_gridville, nicolae_overflow_hidden_temple,
          dancing_weapons_uskayaw, gammafunk_ghost_ooze
D:9:      layout_roguey, nicolae_tso_besieged_by_evil,
          lemuel_coloured_pillars_altar, hangedman_fish_farm
D:10:     layout_loops_ring, uniq_erica
Temple:   dshaligram_water_room_temple

Skill      XL: |  1  2  3  4  5  6  7  8  9 10 11 |
---------------+----------------------------------+-----
Axes           | 4 5 6 8 9 11 13 14 | 14.1
Fighting       | 5 7 8 10 | 10.0
Armour         | 7 12 | 12.0
Evocations     | 3 5 |  5.0
Dodging        | 4 |  4.8

Action                   |  1- 3 |  4- 6 |  7- 9 | 10-12 || total
-------------------------+-------+-------+-------+-------++-------
Melee: Hand axe          |    86 |   143 |   288 |   314 ||   831
       Headbutt          |    14 |    26 |    44 |    78 ||   162
Throw: Stone             |     5 |     3 |       |       ||     8
Invok: Berserk           |     2 |       |     3 |     6 ||    11
       Trog's Hand       |       |     1 |     3 |     5 ||     9
       Brothers in Arms  |       |       |       |     1 ||     1
  Use: Scroll            |       |     1 |     6 |     3 ||    10
Armor: Animal skin       |     7 |       |       |       ||     7
       Ring mail         |    14 |    31 |    45 |    44 ||   134
Dodge: Dodged            |    42 |    65 |   101 |   121 ||   329

Table legend: (Time is in decaauts)
 A = Elapsed time spent in this place.
 B = Non-inter-level travel time spent in this place.
 C = Inter-level travel time spent in this place.
 D = Time resting spent in this place.
 E = Time spent auto-exploring this place.
 F = Levels seen in this place.
 G = Mean time per level.
                   A        B        C        D        E       F      G
               +--------+--------+--------+--------+--------+-----+--------+
         Total |  10097 |   9668 |    429 |   1608 |   5967 |  12 |  841.4 |
       Dungeon |   9692 |   9283 |    409 |   1491 |   5827 |  10 |  969.2 |
        Temple |     90 |     70 |     20 |      0 |     69 |   1 |   90.0 |
       Ossuary |    314 |    314 |      0 |    117 |     71 |   1 |  314.0 |
               +--------+--------+--------+--------+--------+-----+--------+

Top non-repeatable levels by time:
     D:7: 1594 daAuts
     D:9: 1571 daAuts
     D:6: 1314 daAuts
     D:5: 1306 daAuts
     D:1: 907 daAuts
     D:3: 901 daAuts
     D:4: 808 daAuts
     D:8: 585 daAuts
     D:2: 482 daAuts
 Ossuary: 314 daAuts
    D:10: 220 daAuts
  Temple: 90 daAuts
